 Dungeon Crawl Stone Soup version 0.20.0-15-g7f486f2 (webtiles) character file.

121 Mesmaeker13 the Skirmisher (level 5, -1/47 HPs)
             Began as a Hill Orc Fighter on June 17, 2017.
             Slain by a gnoll
             ... wielding a +0 halberd
              (10 damage)
             ... on level 3 of the Dungeon.
             The game lasted 00:03:25 (1882 turns).

Mesmaeker13 the Skirmisher (Hill Orc Fighter)       Turns: 1882, Time: 00:03:25

Health: -1/47      AC:  7    Str: 19    XL:     5   Next: 5%
Magic:  0/5        EV:  7    Int:  9    God:
Gold:   151        SH:  9    Dex: 10    Spells: 4/4 levels left

rFire    + . .     SeeInvis .   a - +0 war axe
rCold    x . .     Gourm    .   c - +0 shield
rNeg     . . .     Faith    .   b - +0 scale mail
rPois    .         Spirit   +   (no helmet)
rElec    .         Reflect  .   (no cloak)
rCorr    .         Harm     .   (no gloves)
MR       .....                  (no boots)
Stlth    ..........             e - amulet of guardian spirit
Regen    0.2/turn               r - ring of fire
MPRegen  0.1/turn               (no ring)

@: no status effects
A: no striking features
a: no special abilities


You were on level 3 of the Dungeon.
You were hungry.

You visited 1 branch of the dungeon, and saw 3 of its levels.

You collected 151 gold pieces.

Inventory:

Hand Weapons
 a - a +0 war axe (weapon)
 q - a +2 morningstar of holy wrath
Missiles
 n - 6 javelins (quivered)
Armour
 b - a +0 scale mail (worn)
 c - a +0 shield (worn)
Jewellery
 e - an amulet of guardian spirit (around neck)
 r - a ring of fire (left hand)
Scrolls
 h - a scroll of teleportation {unknown}
 o - 2 scrolls of recharging {unknown}
 t - a scroll of identify
Potions
 d - a potion of might
 i - a potion of haste {unknown}
 k - a potion of agility {unknown}
 p - a potion of heal wounds {unknown}
 s - 2 potions of curing {unknown}
Comestibles
 f - 3 bread rations
 g - 4 fruits
 j - 3 chunks of flesh
 l - a meat ration
 m - a royal jelly


   Skills:
 + Level 4.6 Fighting
 + Level 4.0 Axes
 + Level 4.0 Armour
 + Level 4.2 Shields


You had 4 spell levels left.
You didn't know any spells.

Dungeon Overview and Level Annotations

Branches:
Dungeon (3/15)

Altars:
Ashenzari
Nemelex Xobeh


Message History

You hit the gnoll but do no damage.
The gnoll is heavily wounded.
The gnoll hits you with a halberd!
* * * LOW HITPOINT WARNING * * *
You barely miss the gnoll.
The gnoll is heavily wounded.
The gnoll closely misses you.
Your shield and scale mail prevent you from hitting the gnoll.
The gnoll is heavily wounded.
The gnoll barely misses you.
You hit the gnoll but do no damage.
The gnoll is heavily wounded.
The gnoll hits you but does no damage.
You barely miss the gnoll.
The gnoll is heavily wounded.
You block the gnoll's attack.
Your shield and scale mail prevent you from hitting the gnoll.
The gnoll is heavily wounded.
The gnoll hits you with a halberd!
You die...

#.....#........
###...####.....#........
.........#..#..#########
.........#..#...........
.........#..############
.........#..............
.........#.....)........
.......g.#..............
.!.....@)#########(###.#
.........#.....###......
.........#.............#
.......................#
#########....##........#
#....#.........#
#....#......##.#
####....#......)...
........#.........#


You could see a gnoll.

Vanquished Creatures
  Terence (D:3)
  2 adders (D:2)
  2 gnolls (D:3)
  An ooze (D:2)
  A worm (D:3)
  2 dart slugs (D:1)
  4 orcs (D:3)
  3 bats
  2 giant cockroaches
  3 hobgoblins
  6 jackals
  2 quokkas (D:3)
  A ball python (D:1)
  7 frilled lizards
  4 goblins
  3 kobolds
  6 rats
50 creatures vanquished.

Notes
Turn   | Place    | Note
-------+----------+-------------------------------------------
     0 | D:1      | Mesmaeker13 the Hill Orc Fighter began the quest for the Orb.
     0 | D:1      | Reached XP level 1. HP: 19/19 MP: 1/1
    90 | D:1      | Reached XP level 2. HP: 19/27 MP: 2/2
   874 | D:2      | Reached XP level 3. HP: 33/33 MP: 3/3
  1403 | D:2      | Reached XP level 4. HP: 40/40 MP: 4/4
  1612 | D:3      | Found a sparkling altar of Nemelex Xobeh.
  1614 | D:3      | Found a shattered altar of Ashenzari.
  1628 | D:3      | Noticed Terence
  1642 | D:3      | Killed Terence
  1872 | D:3      | Reached XP level 5. HP: 27/47 MP: 2/5
  1882 | D:3      | Slain by a gnoll

Skill      XL: |  1  2  3  4 |
---------------+-------------+-----
Axes           | 3 4 |  4.0
Fighting       | 4 |  4.6
Shields        | 4 |  4.2
Armour         | 4 |  4.0

Action                   |  1- 3 |  4- 6 || total
-------------------------+-------+-------++-------
Melee: War axe           |   138 |    57 ||   195
Throw: Javelin           |     2 |       ||     2
  Use: Scroll            |     2 |     1 ||     3
  Eat: Chunk             |     2 |     1 ||     3
Armor: Scale mail        |    74 |    13 ||    87
Dodge: Dodged            |    45 |    18 ||    63
Block: Shield            |    72 |    29 ||   101
